[Event "Titled Tuesday Blitz May 30 Early 2023"]
[White "Ilamparthi A R"]
[Black "Begunov, Konstantin"]
[WhiteFideId "45015775"]
[BlackFideId "4118510"]
[WhiteElo "2348"]
[BlackElo "2050"]
[Result "1/2-1/2"]
[Round "01"]
[TimeControl "180+2"]
[Date "2023.05.30"]
[WhiteClock "0:00:13"]
[BlackClock "0:00:08"]

1. e4 c5 2. Nf3 d6 3. d3 Nc6 4. g3 g6 5. Bg2 Bg7 6. O-O Bg4 7. h3 Bxf3 8. Qxf3 e6 9. c3 Nge7 10. Be3 O-O 11. a4 a6 12. Qe2 b5 13. Rd1 b4 14. d4 bxc3 15. bxc3 cxd4 16. cxd4 d5 17. e5 Na5 18. Nd2 Qd7 19. Qd3 Rfc8 20. Bf1 Nec6 21. Nb3 Nb4 22. Qb1 Nxb3 23. Qxb3 Nc2 24. Rac1 Nxe3 25. fxe3 a5 26. Bb5 Qe7 27. Rc3 Qg5 28. Kg2 h5 29. h4 Qg4 30. Rdc1 Rxc3 31. Rxc3 Qe4+ 32. Kf2 Bh6 33. Qd1 Rf8 34. Qf3 Qb1 35. Rc7 Qb2+ 36. Kf1 Qd2 37. Be8 Qxe3 38. Bxf7+ Kh8 39. Qf6+ Bg7 40. Qxg6 Qf3+ 41. Kg1 Rb8 42. Qxh5+ Qxh5 43. Bxh5 Rb4 44. Bg6 Bh6 45. Rh7+ Kg8 46. Rxh6 Kg7 47. Rh7+ Kxg6 48. Re7 Kf5 49. h5 Rxd4 50. h6 Rb4 51. Rg7 Rb8 52. g4+ Kxe5 53. g5 d4 54. h7 d3 55. Rd7 Rh8 56. g6 Kf6 57. g7 Rxh7 58. g8=N+ Kg6 59. Rxh7 Kxh7 60. Nf6+ Kg6 61. Ne4 Kf5 62. Nd2 Ke5 63. Kf2 Kd4 64. Kf3 e5 65. Ne4 Kc4 66. Ke3 Kb4 67. Kxd3 Kxa4 68. Kc4 Ka3 69. Nc3 a4 70. Nxa4 e4 71. Nc3 e3 72. Kd3 e2 73. Nxe2 1/2-1/2


[Site "https://www.chess.com"]

[Event "Titled Tuesday Blitz May 30 Early 2023"]
[White "Fiedorek, Michal"]
[Black "Fernandez Guillen, Ernesto J."]
[WhiteFideId "1199528"]
[BlackFideId "3512428"]
[WhiteElo "2135"]
[BlackElo "2429"]
[Result "0-1"]
[Round "01"]
[TimeControl "180+2"]
[Date "2023.05.30"]
[WhiteClock "0:00:05"]
[BlackClock "0:01:15"]

1. d4 Nf6 2. Nf3 g6 3. g3 Bg7 4. Bg2 O-O 5. O-O d5 6. c4 c6 7. Nbd2 Nbd7 8. Qc2 Re8 9. b3 e5 10. dxe5 Nxe5 11. Nxe5 Rxe5 12. Nf3 Bf5 13. Qd1 Re8 14. Bb2 dxc4 15. bxc4 Qxd1 16. Raxd1 Rxe2 17. Bxf6 Bxf6 18. Nd4 Bxd4 19. Rxd4 Rxa2 20. g4 Be6 21. f4 Bxg4 22. Be4 Re8 23. Bb1 Rb2 24. f5 Bh3 25. Rfd1 Kg7 26. Rh4 Rg2+ 27. Kh1 Rge2 28. Rxh3 Re1+ 29. Rxe1 Rxe1+ 30. Kg2 Rxb1 31. fxg6 hxg6 32. Rd3 Rb4 33. Rd7 a5 0-1


[Site "https://www.chess.com"]

[Event "Titled Tuesday Blitz May 30 Early 2023"]
[White "Papasimakopoulos, Alexandros"]
[Black "Abdilkhair, Abilmansur"]
[WhiteFideId "4244125"]
[BlackFideId "13716417"]
[WhiteElo "2359"]
[BlackElo "2215"]
[Result "1-0"]
[Round "01"]
[TimeControl "180+2"]
[Date "2023.05.30"]
[WhiteClock "0:00:20"]
[BlackClock "0:00:10"]

1. d4 Nf6 2. c4 e6 3. Nc3 Bb4 4. Qc2 c5 5. dxc5 Na6 6. a3 Bxc3+ 7. Qxc3 Nxc5 8. f3 d5 9. cxd5 Qxd5 10. e4 Qc6 11. Be3 Na4 12. Qxc6+ bxc6 13. b3 Nb6 14. Rc1 Bb7 15. Ne2 O-O 16. Nd4 Rfc8 17. Be2 c5 18. Nb5 Bc6 19. Rxc5 Bxb5 20. Rxb5 Nfd7 21. Kf2 Rc3 22. a4 Rac8 23. Rd1 a6 24. Rxb6 Nxb6 25. Bxb6 Rxb3 26. Bxa6 Rc2+ 27. Kg3 h5 28. a5 h4+ 29. Kh3 g5 30. Bf1 Kh7 31. e5 Kh6 32. Bd3 Kh5 33. g4+ hxg3 34. Bxc2 Rxf3 35. hxg3 Rc3 36. Be4 Rc4 37. Bf3+ g4+ 38. Bxg4+ Rxg4 39. Ra1 Rb4 40. a6 Rxb6 41. a7 Rb5 42. a8=Q Kg6 43. Qg8+ Kf5 44. Re1 Rb7 45. Qg4# 1-0


[Site "https://www.chess.com"]

[Event "Titled Tuesday Blitz May 30 Early 2023"]
[White "Yeritsyan, Hayk"]
[Black "splendidkid"]
[WhiteFideId "13307320"]
[WhiteElo "2436"]
[BlackElo "2769"]
[Result "1-0"]
[Round "01"]
[TimeControl "180+2"]
[Date "2023.05.30"]
[WhiteClock "0:00:20"]
[BlackClock "0:00:00"]

1. d4 Nf6 2. Nf3 g6 3. Bf4 Bg7 4. h3 O-O 5. e3 d6 6. c3 Nbd7 7. Be2 Re8 8. O-O b6 9. Na3 Bb7 10. Bh2 e5 11. Nc4 Ne4 12. Nfd2 Nxd2 13. Nxd2 Qe7 14. Bf3 e4 15. Be2 f5 16. c4 a5 17. Nb1 g5 18. Nc3 Rf8 19. Re1 Kh8 20. Qc2 f4 21. Nd5 Bxd5 22. cxd5 Nf6 23. exf4 gxf4 24. Bxf4 Nxd5 25. Be3 c5 26. dxc5 Nxe3 27. fxe3 bxc5 28. Bc4 Rab8 29. Rab1 Qe5 30. b3 d5 31. Bf1 Rbc8 32. Rbd1 Rfe8 33. Bb5 Red8 34. a4 h6 35. Ba6 Rc7 36. Bb5 Qe7 37. Kh1 Rcc8 38. Ba6 Rc6 39. Bb5 Re6 40. Qd2 d4 41. Qxa5 Rg6 42. Qd2 Rg3 43. Qf2 Rg5 44. Rf1 Rf8 45. Qc2 Rgf5 46. Rxf5 Rxf5 47. Qe2 d3 48. Qd2 Qh4 49. Bc6 Re5 50. Qa5 Qe7 51. Qa8+ Kh7 52. a5 h5 53. a6 c4 54. bxc4 Kh6 55. a7 Ra5 56. Qb7 Rxa7 57. Qxe7 Rxe7 58. Bd5 Kg5 59. Rf1 Bc3 60. g3 h4 61. gxh4+ Kh6 62. Kg2 Bd2 63. Kf2 Re8 64. c5 Rf8+ 65. Kg2 Rd8 66. Bxe4 Bxe3 67. Rd1 d2 68. c6 Bb6 69. Bf3 Ba5 70. Kf2 Kg6 71. h5+ Kf5 72. Ke2 Kf4 73. Bg4 Re8+ 74. Kd3 Re7 75. Bd7 Re5 76. Rxd2 Bxd2 77. c7 Rc5 78. c8=Q Rxc8 79. Bxc8 Bb4 80. Bg4 Kg5 81. Kc4 Bf8 82. Kd5 Bh6 83. Ke6 Bf8 84. Kf7 Bh6 85. Kg8 Kf6 86. Kh7 Kg5 87. Kg8 Kf6 88. Kh7 Kg5 89. Bd1 Bf8 90. Be2 Bh6 91. h4+ Kxh4 92. Kxh6 Kg3 93. Kg6 Kf2 94. h6 Kxe2 95. h7 Kd3 96. h8=Q 1-0


[Site "https://www.chess.com"]

[Event "Titled Tuesday Blitz May 30 Early 2023"]
[White "Yuan, Qingyu"]
[Black "FromTexas54"]
[WhiteFideId "8609772"]
[WhiteElo "2359"]
[BlackElo "2435"]
[Result "1/2-1/2"]
[Round "01"]
[TimeControl "180+2"]
[Date "2023.05.30"]
[WhiteClock "0:00:08"]
[BlackClock "0:00:12"]

1. e4 g6 2. d4 Bg7 3. Nf3 d6 4. c3 Nf6 5. Bd3 O-O 6. O-O Nc6 7. Re1 e5 8. Nbd2 exd4 9. Nxd4 Nxd4 10. cxd4 c6 11. Nf3 Re8 12. h3 Qb6 13. Qc2 Be6 14. Be3 Qa5 15. b4 Qh5 16. Nd2 a5 17. b5 cxb5 18. Be2 Qh4 19. Bxb5 Rec8 20. Qd3 d5 21. e5 Ne4 22. Rac1 Bh6 23. Nf3 Qh5 24. Bxh6 Qxh6 25. Qf1 Qf4 26. Be2 h5 27. a3 b5 28. Rxc8+ Rxc8 29. Rb1 Nc3 30. Rb2 Nxe2+ 31. Rxe2 Bxh3 32. Re3 Bg4 33. g3 Qh6 34. Qxb5 Rc1+ 35. Kg2 Rc2 36. Qb3 Bf5 37. Qxd5 Qxe3 38. Qd8+ Kg7 39. Qf6+ Kg8 40. Qd8+ Kh7 41. Ng5+ Kh6 42. Nxf7+ Kg7 43. Qf6+ Kg8 44. Qd8+ Kxf7 45. Qf6+ Kg8 46. Qd8+ Kh7 47. Qe7+ Kh6 48. Qf8+ Kg5 49. Qf6+ Kh6 50. Qh8+ Kg5 51. Qd8+ Kh6 52. Qh8+ Kg5 53. Qf6+ Kh6 54. Qf8+ Kh7 55. Qf7+ Kh8 56. Qf8+ Kh7 57. Qf7+ Kh6 58. Qf8+ 1/2-1/2


[Site "https://www.chess.com"]

[Event "Titled Tuesday Blitz May 30 Early 2023"]
[White "Kilic, Eray"]
[Black "Jimenez Jimenez, Leandro"]
[WhiteFideId "44517173"]
[BlackFideId "6415253"]
[WhiteElo "2328"]
[BlackElo "2296"]
[Result "1-0"]
[Round "01"]
[TimeControl "180+2"]
[Date "2023.05.30"]
[WhiteClock "0:00:34"]
[BlackClock "0:00:00"]

1. e4 e5 2. Nf3 Nc6 3. Bb5 a6 4. Ba4 Nf6 5. O-O b5 6. Bb3 Bc5 7. c3 d6 8. d4 Bb6 9. a4 Rb8 10. a5 Ba7 11. Re1 O-O 12. h3 h6 13. Be3 Re8 14. Nbd2 exd4 15. cxd4 Nb4 16. d5 Bxe3 17. Rxe3 c6 18. Nf1 Bb7 19. Qd2 c5 20. Ng3 Bc8 21. e5 dxe5 22. Nxe5 Qd6 23. Rae1 Rd8 24. Rf3 c4 25. Rxf6 Qxf6 26. Qxb4 Rxd5 27. Nxc4 Bb7 28. Nb6 Qxb2 29. Qf4 Qxb3 30. Qxb8+ Kh7 31. Qxb7 Rd2 32. Qe4+ g6 33. Qf4 1-0


[Site "https://www.chess.com"]

[Event "Titled Tuesday Blitz May 30 Early 2023"]
[White "Sanhueza, Cristian"]
[Black "Djordjevic, Vuk"]
[WhiteFideId "116815"]
[BlackFideId "902098"]
[WhiteElo "2174"]
[BlackElo "2452"]
[Result "0-1"]
[Round "01"]
[TimeControl "180+2"]
[Date "2023.05.30"]
[WhiteClock "0:00:23"]
[BlackClock "0:00:03"]

1. e4 d5 2. exd5 Qxd5 3. Nc3 Qd6 4. d4 Nf6 5. Nf3 c6 6. g3 Bg4 7. Bg2 e6 8. O-O Qd8 9. h3 Bxf3 10. Bxf3 Bd6 11. Ne4 Nxe4 12. Bxe4 Nd7 13. c4 O-O 14. b3 e5 15. Bb2 Re8 16. d5 Nf6 17. Bg2 cxd5 18. Bxd5 Qc7 19. Bg2 Rad8 20. Qe2 Bc5 21. Rad1 Rxd1 22. Rxd1 h6 23. Kh2 Qe7 24. Qf3 e4 25. Bxf6 exf3 26. Bxe7 Rxe7 27. Bxf3 Bxf2 28. b4 Be3 29. Kg2 b6 30. Rd8+ Kh7 31. Bd5 g6 32. Kf3 Bd2 33. a3 Bc1 34. c5 bxc5 35. bxc5 Bxa3 36. c6 Bc5 37. Ra8 Bb6 38. g4 Kg7 39. h4 Re3+ 40. Kf4 Rd3 41. Be4 Rd4 42. Re8 Rc4 43. Kf3 Rc3+ 44. Kg2 Re3 45. Re7 Kf6 46. Re8 Rc3 47. Bf3 Rc4 48. Rf8 Rc2+ 49. Kg3 Ke7 50. Rc8 Rc3 51. Kg2 Rc2+ 52. Kh1 Rc1+ 53. Kg2 Kd6 54. Rf8 Rc2+ 55. Kg3 Ke6 56. g5 Bc7+ 57. Kg4 h5+ 58. Kh3 Rh2# 0-1


[Site "https://www.chess.com"]

[Event "Titled Tuesday Blitz May 30 Early 2023"]
[White "Panesar Vedant"]
[Black "Miszler, Levente"]
[WhiteFideId "35033018"]
[BlackFideId "763276"]
[WhiteElo "2347"]
[BlackElo "2176"]
[Result "1-0"]
[Round "01"]
[TimeControl "180+2"]
[Date "2023.05.30"]
[WhiteClock "0:00:48"]
[BlackClock "0:01:06"]

1. e4 c5 2. Nf3 Nc6 3. d4 cxd4 4. Nxd4 g6 5. c4 Bg7 6. Be3 d6 7. Nc3 Nf6 8. Be2 O-O 9. O-O Bd7 10. h3 Nxd4 11. Bxd4 Bc6 12. Qc2 Rc8 13. Rad1 Qa5 14. a3 a6 15. Rfe1 Rfd8 16. Bf3 b5 17. cxb5 axb5 18. Qd2 b4 19. axb4 Qxb4 20. Bxf6 Bxf6 21. Nd5 Qxd2 22. Nxf6+ Kg7 23. Rxd2 Kxf6 24. e5+ Kg7 25. Bxc6 Rxc6 26. Red1 Rb6 27. exd6 exd6 28. Kf1 d5 29. Rb1 Rb3 30. Ke2 Kf6 31. Rd3 Rdb8 32. Rxb3 Rxb3 33. Kd2 Ke5 34. Kc2 Rb7 35. Kc3 Rc7+ 36. Kd3 Rb7 37. b4 d4 38. b5 Kd5 39. b6 Kc5 40. g4 f5 41. gxf5 gxf5 42. f4 Kd5 43. Rb5+ Kc6 44. Rxf5 Kxb6 45. Kxd4 Rg7 46. Rg5 Rf7 47. Ke5 Kc6 48. f5 Kd7 49. f6 h6 50. Rg7 Ke8 51. Rxf7 Kxf7 52. Kf5 h5 53. h4 Kf8 54. Kg6 Kg8 55. Kxh5 Kf7 56. Kg5 Kf8 57. Kg6 Kg8 58. h5 Kh8 59. Kf7 Kh7 60. Ke7 1-0


[Site "https://www.chess.com"]

[Event "Titled Tuesday Blitz May 30 Early 2023"]
[White "Sprenar, Petr"]
[Black "Csonka, Balazs"]
[WhiteFideId "397164"]
[BlackFideId "742910"]
[WhiteElo "2182"]
[BlackElo "2404"]
[Result "1-0"]
[Round "01"]
[TimeControl "180+2"]
[Date "2023.05.30"]
[WhiteClock "0:01:44"]
[BlackClock "0:00:01"]

1. d4 d5 2. c4 dxc4 3. Nf3 Nf6 4. e3 e6 5. Bxc4 c5 6. O-O a6 7. b3 Nbd7 8. Bb2 b5 9. Be2 Bb7 10. a4 b4 11. Nbd2 Be7 12. Nc4 O-O 13. Rc1 Nd5 14. Nfe5 Nxe5 15. dxe5 a5 16. Qc2 Qc7 17. Bf3 Ba6 18. Rfd1 Rad8 19. Nd6 Bxd6 20. exd6 Rxd6 21. Be5 Rfd8 22. Bxd6 Rxd6 23. Qxc5 Qxc5 24. Rxc5 f5 25. Bxd5 exd5 26. Rdxd5 Re6 27. Rxa5 Be2 28. Rac5 h6 29. Rd4 Rb6 30. a5 Rb7 31. f3 Bb5 32. Rxb4 1-0


[Site "https://www.chess.com"]

[Event "Titled Tuesday Blitz May 30 Early 2023"]
[White "Schmakel, Sam"]
[Black "Dinu, Dumitru-Daniel"]
[WhiteFideId "2039311"]
[BlackFideId "1208403"]
[WhiteElo "2356"]
[BlackElo "2240"]
[Result "1/2-1/2"]
[Round "01"]
[TimeControl "180+2"]
[Date "2023.05.30"]
[WhiteClock "0:00:12"]
[BlackClock "0:00:28"]

1. d4 Nf6 2. c4 e6 3. Nf3 Bb4+ 4. Bd2 a5 5. a3 Bxd2+ 6. Qxd2 b6 7. Nc3 Bb7 8. e3 d6 9. Bd3 Nbd7 10. e4 e5 11. d5 Nc5 12. Bc2 O-O 13. b3 Bc8 14. O-O Bg4 15. Ne1 Nfd7 16. Rb1 g6 17. f3 Bh5 18. g4 f5 19. gxh5 f4 20. hxg6 hxg6 21. b4 axb4 22. axb4 Nb7 23. Nd3 Kf7 24. Ba4 Nf6 25. Bc6 Qc8 26. Ra1 Rxa1 27. Rxa1 Rh8 28. Ra7 Nd8 29. Nb5 Qh3 30. Rxc7+ Kf8 31. Qg2 Qh4 32. Rc8 Ke7 33. c5 bxc5 34. bxc5 dxc5 35. d6+ Kf7 36. Nxe5+ Ke6 37. Nxg6 Qe1+ 38. Qf1 Qe3+ 39. Qf2 Qc1+ 40. Qf1 Qe3+ 41. Qf2 Qc1+ 42. Kg2 Rg8 43. Rxd8 Rxg6+ 44. Kh3 Rh6+ 45. Kg2 Rg6+ 46. Kh3 Rh6+ 47. Kg2 Rg6+ 1/2-1/2


[Site "https://www.chess.com"]

[Event "Titled Tuesday Blitz May 30 Early 2023"]
[White "Jovic, Stanoje"]
[Black "Hasangatin, Ramil"]
[WhiteFideId "905020"]
[BlackFideId "4122160"]
[WhiteElo "2236"]
[BlackElo "2279"]
[Result "0-1"]
[Round "01"]
[TimeControl "180+2"]
[Date "2023.05.30"]
[WhiteClock "0:00:00"]
[BlackClock "0:00:13"]

1. c4 Nf6 2. g3 c6 3. Bg2 d5 4. cxd5 cxd5 5. Nf3 Nc6 6. d4 Bf5 7. Nc3 e6 8. O-O Be7 9. Ne5 Qb6 10. Nxc6 Qxc6 11. Bg5 O-O 12. Rc1 Qa6 13. Qa4 Qxa4 14. Nxa4 Rfc8 15. f3 h6 16. Bd2 Bc2 17. Nc3 Bg6 18. e4 Bb4 19. e5 Bxc3 20. Rxc3 Rxc3 21. Bxc3 Nd7 22. Rc1 Rc8 23. Bd2 Rxc1+ 24. Bxc1 Bd3 25. Kf2 Nb6 26. Ke3 Bb5 27. b3 Nc8 28. Ba3 f6 29. f4 f5 30. Bf3 Kf7 31. g4 fxg4 32. Bxg4 g6 33. h4 h5 34. Bd1 Bf1 35. Bc5 b6 36. Ba3 a5 37. b4 axb4 38. Bxb4 Na7 39. Ba4 Bb5 40. Bc2 Nc6 41. Bd6 Na5 42. Bb3 Bc4 43. Bb4 Nc6 44. Bd6 Bxb3 45. axb3 Ke8 46. Kd3 Kd7 47. Kc3 Kc8 48. Ba3 Kb7 49. Bd6 Ka6 50. Ba3 Kb5 51. Bd6 Nd8 52. Be7 Nf7 53. Bf6 Nh6 54. Bg5 Nf5 55. Bf6 Ng3 56. Be7 Ne2+ 57. Kd3 Ng3 58. Kc3 Nf5 59. Bf6 Ka5 60. Bg5 Ng3 61. Bf6 Ne4+ 62. Kd3 Kb4 63. Kc2 Ka3 64. Be7+ Ka2 0-1


[Site "https://www.chess.com"]

[Event "Titled Tuesday Blitz May 30 Early 2023"]
[White "Kushko, Dmitriy"]
[Black "Kovalevsky, Stanislav"]
[WhiteFideId "14162261"]
[BlackFideId "13508598"]
[WhiteElo "2230"]
[BlackElo "2174"]
[Result "1-0"]
[Round "01"]
[TimeControl "180+2"]
[Date "2023.05.30"]
[WhiteClock "0:00:56"]
[BlackClock "0:00:06"]

1. Nf3 d5 2. g3 Nd7 3. d4 c6 4. Bg2 Ngf6 5. O-O e6 6. b3 Be7 7. Bb2 O-O 8. c4 Ne4 9. Nbd2 f5 10. e3 a5 11. a3 b6 12. Qc2 Ba6 13. Rfc1 Rc8 14. Ne1 Ndf6 15. Nd3 c5 16. dxc5 Nxc5 17. Nf4 g5 18. Ne2 Nfe4 19. b4 Nxd2 20. Qxd2 Na4 21. cxd5 Nxb2 22. Qxb2 Bf6 23. Nd4 exd5 24. Qb3 Bc4 25. Qd1 Bxd4 26. Qxd4 Qf6 27. Bxd5+ Bxd5 28. Rxc8 Qxd4 29. Rxf8+ Kxf8 30. exd4 a4 31. Re1 b5 32. Re5 Bc4 33. Rxf5+ Ke7 34. Rxg5 Ke6 35. Re5+ Kd6 36. f4 Bd3 37. g4 h6 38. Kf2 Bg6 39. f5 Be8 40. Kg3 Bc6 41. Kf4 1-0


[Site "https://www.chess.com"]

[Event "Titled Tuesday Blitz May 30 Early 2023"]
[White "Rodriguez, Santiago"]
[Black "Jaracz, Pawel"]
[WhiteFideId "3000591"]
[BlackFideId "1102222"]
[WhiteElo "2249"]
[BlackElo "2438"]
[Result "1-0"]
[Round "01"]
[TimeControl "180+2"]
[Date "2023.05.30"]
[WhiteClock "0:00:03"]
[BlackClock "0:00:00"]

1. d4 Nf6 2. Bg5 g6 3. Bxf6 exf6 4. e3 d5 5. c4 dxc4 6. Bxc4 Bd6 7. Nc3 O-O 8. h4 h5 9. Qc2 Kg7 10. Nge2 Bf5 11. e4 Bd7 12. O-O-O Nc6 13. f4 Bg4 14. e5 Be7 15. d5 Nb4 16. Qb3 a6 17. d6 cxd6 18. Qxb4 d5 19. Qxb7 Rb8 20. Qxd5 Qb6 21. Bb3 Be6 22. Qd4 Bc5 23. exf6+ Kh7 24. Qa4 Bf5 25. Nd4 Bg4 26. f5 Rfd8 27. fxg6+ fxg6 28. Nf3 Bf5 29. Ng5+ Kh6 30. Nf7+ Kh7 31. Rxd8 Rxd8 32. Nxd8 Be3+ 33. Kd1 Qxd8+ 34. Nd5 Bc5 35. Qc6 Bf8 36. Re1 Bg4+ 37. Kc2 1-0


[Site "https://www.chess.com"]

[Event "Titled Tuesday Blitz May 30 Early 2023"]
[White "Karthik Rajaa"]
[Black "Srdanovic, Jovana"]
[WhiteFideId "25035215"]
[BlackFideId "954810"]
[WhiteElo "2215"]
[BlackElo "2169"]
[Result "1-0"]
[Round "01"]
[TimeControl "180+2"]
[Date "2023.05.30"]
[WhiteClock "0:01:32"]
[BlackClock "0:00:04"]

1. Nf3 d5 2. b3 Nf6 3. Bb2 c6 4. g3 Bg4 5. Bg2 e6 6. O-O Nbd7 7. d3 Qc7 8. Nbd2 h5 9. h3 Bxf3 10. Nxf3 Bd6 11. Qe1 e5 12. e4 O-O-O 13. Ng5 Nf8 14. h4 Ng6 15. Qe2 Rhe8 16. a3 Re7 17. b4 Qd7 18. Bh3 Ng4 19. f3 f6 20. fxg4 fxg5 21. Kg2 Kb8 22. gxh5 Nxh4+ 23. gxh4 Qc7 24. hxg5 Ree8 25. g6 Qe7 26. Qg4 dxe4 27. dxe4 Bc7 28. Rad1 Rxd1 29. Rxd1 Rd8 30. Rxd8+ Qxd8 31. Bc1 Qd4 32. Qc8# 1-0


[Site "https://www.chess.com"]

[Event "Titled Tuesday Blitz May 30 Early 2023"]
[White "Gatterer, Florian"]
[Black "Sieciechowicz, Marcin"]
[WhiteFideId "811688"]
[BlackFideId "1130170"]
[WhiteElo "2221"]
[BlackElo "2302"]
[Result "0-1"]
[Round "01"]
[TimeControl "180+2"]
[Date "2023.05.30"]
[WhiteClock "0:00:00"]
[BlackClock "0:00:14"]

1. c4 c6 2. Nf3 d5 3. g3 Nf6 4. Bg2 g6 5. b3 Bg7 6. Bb2 O-O 7. O-O Bg4 8. d4 Ne4 9. Nbd2 Nd7 10. h3 Nxd2 11. Qxd2 Bxf3 12. Bxf3 e6 13. h4 h5 14. e4 dxe4 15. Bxe4 Ne5 16. Rad1 Ng4 17. Bf3 Nf6 18. d5 exd5 19. cxd5 Nxd5 20. Bxg7 Kxg7 21. Bxd5 cxd5 22. Qxd5 Qb6 23. Qd4+ Qxd4 24. Rxd4 Rfd8 25. Rfd1 Rxd4 26. Rxd4 Kf6 27. Rd7 Rb8 28. Kg2 a5 29. a4 Ke6 30. Rc7 b6 31. Kf3 Rd8 32. Ke4 Rd6 33. f3 f5+ 34. Kf4 Kf6 35. Ke3 Ke5 36. f4+ Kd5 37. Kd3 Re6 38. Rc4 Re1 39. Rd4+ Kc6 40. Rc4+ Kb7 41. Rc3 Re4 42. Rc4 Re1 43. Rc3 Rd1+ 44. Ke3 Rd6 45. Rd3 Re6+ 46. Kd4 Kc6 47. Kc3 Re2 48. Rd4 Re3+ 49. Rd3 Rxd3+ 50. Kxd3 Kd5 51. Kc3 Ke4 52. Kc4 Kf3 53. Kb5 Kxg3 54. Kxb6 Kxh4 55. Kxa5 Kg4 56. b4 h4 57. b5 h3 58. b6 h2 59. b7 h1=Q 60. b8=Q Qe1+ 61. Ka6 Qe6+ 62. Qb6 Qc4+ 63. Qb5 Qc8+ 64. Qb7 Qc4+ 65. Qb5 Qxf4 66. a5 g5 67. Kb7 Qf3+ 68. Qc6 Qxc6+ 69. Kxc6 f4 70. a6 f3 71. a7 f2 72. a8=Q f1=Q 73. Qc8+ Qf5 74. Qh8 Qe4+ 75. Kc5 Kg3 76. Qb2 g4 77. Qc1 Kf2 78. Qd2+ Kf3 79. Qd1+ Qe2 80. Qd5+ Kf2 81. Qh5 Kg2 82. Kd4 Qf2+ 83. Kd3 Qf3+ 84. Kd2 g3 85. Qh4 Kg1 86. Ke1 Qf2+ 87. Kd1 g2 88. Qh3 Qf1+ 89. Kd2 Qf2+ 90. Kd1 Qd4+ 91. Ke2 Qe4+ 92. Kd2 Kf1 0-1


[Site "https://www.chess.com"]

[Event "Titled Tuesday Blitz May 30 Early 2023"]
[White "Herrera Reyes, Jose Antonio"]
[Black "Vivas Zamora, Fabian Ernesto"]
[WhiteFideId "2274914"]
[BlackFideId "3902480"]
[WhiteElo "2272"]
[BlackElo "2244"]
[Result "1-0"]
[Round "01"]
[TimeControl "180+2"]
[Date "2023.05.30"]
[WhiteClock "0:01:41"]
[BlackClock "0:00:00"]

1. Nf3 Nf6 2. g3 g6 3. Bg2 Bg7 4. d3 O-O 5. Nc3 d5 6. h4 c5 7. h5 Nxh5 8. Bg5 Nc6 9. Qd2 Re8 10. Bh6 Bh8 11. Rxh5 e5 12. Rh4 Be6 13. Ng5 Bf6 14. O-O-O Qa5 15. a3 b5 16. Nxd5 Qxd2+ 17. Rxd2 Bxd5 18. Bxd5 Bxg5 19. Bxg5 Rac8 20. c3 h5 21. g4 hxg4 22. Rxg4 Kg7 23. e4 Rh8 24. f4 f6 25. Bh4 exf4 26. Rxf4 g5 27. Rg2 Ne5 28. Kc2 Ng6 29. Bxg5 fxg5 30. Rxg5 Rh2+ 31. Kb3 c4+ 32. dxc4 bxc4+ 33. Bxc4 Rb8+ 34. Ka4 Rhxb2 35. Rfg4 R8b6 36. e5 Kh6 37. e6 Ne7 38. Rg7 Nf5 39. R7g6+ Kh7 40. R6g5 Nh6 41. Rh5 Rf2 42. Bd3+ 1-0


[Site "https://www.chess.com"]

[Event "Titled Tuesday Blitz May 30 Early 2023"]
[White "Sargissyan, Sargis"]
[Black "Halkias, Stelios"]
[WhiteFideId "13303210"]
[BlackFideId "4201809"]
[WhiteElo "2109"]
[BlackElo "2451"]
[Result "0-1"]
[Round "01"]
[TimeControl "180+2"]
[Date "2023.05.30"]
[WhiteClock "0:00:02"]
[BlackClock "0:00:33"]

1. e4 c6 2. Nc3 d5 3. Nf3 dxe4 4. Nxe4 Nf6 5. Qe2 Nxe4 6. Qxe4 Nd7 7. g3 Nf6 8. Qe2 Bf5 9. d3 h6 10. Bg2 e6 11. O-O Bd6 12. b3 O-O 13. Bb2 a5 14. a4 Nd5 15. Ne5 Bh7 16. Qg4 Bf5 17. Qe2 Qc7 18. h4 Rae8 19. Nc4 Bb4 20. Be5 Qd8 21. g4 Bh7 22. h5 f6 23. Bb2 e5 24. Be4 Nf4 25. Qf3 f5 26. gxf5 Qg5+ 27. Kh1 Bxf5 28. Ne3 Qh4+ 29. Kg1 Bxe4 30. Qxe4 Qxh5 31. Qh1 Qg6+ 32. Kh2 Rf6 33. Qf3 Nxd3 34. Qg3 0-1


[Site "https://www.chess.com"]

[Event "Titled Tuesday Blitz May 30 Early 2023"]
[White "Quintiliano Pinto, Renato R."]
[Black "Toktomushev, Teimur"]
[WhiteFideId "2117568"]
[BlackFideId "14176726"]
[WhiteElo "2459"]
[BlackElo "2116"]
[Result "1-0"]
[Round "01"]
[TimeControl "180+2"]
[Date "2023.05.30"]
[WhiteClock "0:01:00"]
[BlackClock "0:00:02"]

1. d4 d5 2. c4 e6 3. Nc3 Nf6 4. cxd5 exd5 5. Bg5 Be7 6. e3 c6 7. Bd3 Nbd7 8. Qc2 Nh5 9. Bxe7 Qxe7 10. Nge2 g6 11. O-O O-O 12. Rab1 a5 13. Rbe1 Ndf6 14. Nc1 Ng7 15. f3 c5 16. dxc5 Qxc5 17. Nb3 Qb6 18. Nd4 Bd7 19. a4 Rac8 20. Qf2 Rfe8 21. Ncb5 Ne6 22. Qh4 Nxd4 23. Nxd4 Kg7 24. Bb5 Bxb5 25. axb5 Qc5 26. Qg5 Nd7 27. h4 Kh8 28. h5 Qe7 29. Qxe7 Rxe7 30. Kf2 Nf6 31. hxg6 hxg6 32. Rc1 Rec7 33. Rxc7 Rxc7 34. Ke2 Kg7 35. Kd2 Nd7 36. Ra1 b6 37. Nc6 Nc5 38. Ra3 Rd7 39. Nd4 Kf6 40. Kc3 Ke5 41. b4 axb4+ 42. Kxb4 Kd6 43. Ra8 Re7 44. Ra3 Kd7 45. Nc6 Kd6 46. Nxe7 Kxe7 47. Ra7+ Ke6 48. Rc7 Nd7 49. Rc6+ Ke5 50. Kc3 f6 51. g4 g5 52. Kd2 d4 53. exd4+ Kd5 54. Kd3 f5 55. gxf5 Nf6 56. Rxf6 g4 57. Rd6+ Kxd6 58. fxg4 Ke7 59. Ke4 Kf6 60. Kf4 1-0


[Site "https://www.chess.com"]

[Event "Titled Tuesday Blitz May 30 Early 2023"]
[White "Srebrnic, Marko"]
[Black "Seo, Jung Min"]
[WhiteFideId "14603616"]
[BlackFideId "1734687"]
[WhiteElo "2341"]
[BlackElo "2468"]
[Result "0-1"]
[Round "01"]
[TimeControl "180+2"]
[Date "2023.05.30"]
[WhiteClock "0:00:00"]
[BlackClock "0:00:04"]

1. e4 c5 2. Nf3 d6 3. g3 Nf6 4. Qe2 g6 5. Bg2 Bg7 6. O-O O-O 7. c3 Nc6 8. Na3 Rb8 9. Nc2 e5 10. h3 b5 11. d4 Qb6 12. dxe5 dxe5 13. a4 Ba6 14. a5 Qb7 15. b4 cxb4 16. cxb4 Qc7 17. Bb2 Bc8 18. Rac1 Be6 19. Ne3 Qb7 20. Nxe5 Nxb4 21. Ba3 Na2 22. Bxf8 Nxc1 23. Rxc1 Rxf8 24. Nc6 Nd7 25. e5 Qa6 26. f4 Nb8 27. Qd2 b4 28. Qxb4 Nxc6 29. Rxc6 Qe2 30. Qc3 Rd8 31. Nf1 h5 32. Qe3 Qa2 33. Qxa7 Bf8 34. Qf2 Qxa5 35. Rc2 Bf5 36. Rc1 Rd3 37. Kh1 Kg7 38. Ne3 Bd7 39. f5 Qxe5 40. Nc4 Qxg3 41. Qxg3 Rxg3 42. fxg6 fxg6 43. Ne5 Bf5 44. Rc7+ Kf6 45. Nf3 Bxh3 46. Bxh3 Rxf3 47. Kg2 Ra3 48. Rc6+ Kg7 49. Rc2 Be7 50. Bc8 g5 51. Rc6 g4 52. Bf5 h4 53. Rg6+ Kf7 54. Rxg4 Kf6 55. Be4 Ke5 56. Bf3 h3+ 57. Kg3 h2 58. Re4+ Kd6 59. Rd4+ Ke6 60. Re4+ Kf7 61. Rf4+ Ke8 0-1


[Site "https://www.chess.com"]

[Event "Titled Tuesday Blitz May 30 Early 2023"]
[White "Samunenkov, Ihor"]
[Black "Mackster23"]
[WhiteFideId "14187086"]
[WhiteElo "2457"]
[BlackElo "2419"]
[Result "0-1"]
[Round "01"]
[TimeControl "180+2"]
[Date "2023.05.30"]
[WhiteClock "0:00:01"]
[BlackClock "0:00:07"]

1. e4 c5 2. Nf3 d6 3. d4 cxd4 4. Nxd4 Nf6 5. Nc3 a6 6. h3 e6 7. g4 Nfd7 8. g5 Be7 9. h4 b5 10. a3 Bb7 11. Be3 Nc6 12. Rg1 Rc8 13. f4 Qa5 14. Nb3 Qc7 15. h5 Nc5 16. Qd2 b4 17. axb4 Nxb4 18. Nxc5 dxc5 19. Bc4 Rd8 20. Qg2 Rd4 21. b3 Qc6 22. Rc1 Rd7 23. Ke2 Kd8 24. g6 hxg6 25. hxg6 f6 26. Rgd1 Rxd1 27. Rxd1+ Kc7 28. Rd2 f5 29. Kf1 Bf6 30. Na4 Qxe4 31. Qxe4 Bxe4 32. Nxc5 Rh1+ 33. Bg1 Bxc2 34. Nxa6+ Nxa6 35. Rxc2 Nb4 36. Re2 Bd4 37. Rg2 Nc2 38. Bxe6 Ne3+ 39. Kf2 Nxg2+ 40. Kxg2 Rxg1+ 0-1


[Site "https://www.chess.com"]